 Dungeon Crawl Stone Soup version 0.29.0-4-gdea44cf6ec (webtiles) character file.

Game seed: 18370636556268214677

249 qw the Chopper (level 6, -3/35 HPs)
             Began as a Tengu Warper on Aug 28, 2022.
             Slain by a gnoll
             ... wielding a +0 halberd
             ... led by a gnoll bouda
              (4 damage)
             ... on level 4 of the Dungeon.
             The game lasted 00:00:22 (3721 turns).

qw the Chopper (Tengu Warper)                       Turns: 3721, Time: 00:00:22

Health: -3/35      AC: 14    Str: 13    XL:     6   Next: 12%
Magic:  10/10      EV:  4    Int: 14    God:
Gold:   88         SH:  4    Dex: 13    Spells: 9/9 levels left

rFire   . . .      SeeInvis .   Y - +1 hand axe
rCold   . . .      Faith    .   h - +0 buckler
rNeg    . . .      Spirit   .   b - +0 plate armour
rPois   .          Reflect  .   g - +2 hat
rElec   .          Harm     .   c - +0 cloak
rCorr   .          Rampage  .   (no gloves)
Will    .....                   (boots unavailable)
Stlth   ..........              (no amulet)
HPRegen 0.11/turn               (no ring)
MPRegen 0.12/turn               (no ring)

@: weakened, flying quickly and evasively, quick
A: beak, talons 3, nimble flight
a: no special abilities


You were on level 4 of the Dungeon.
You visited 1 branch of the dungeon, and saw 4 of its levels.

You collected 205 gold pieces.
You spent 117 gold pieces at shops.


Innate Abilities, Weirdness & Mutations

You have a beak for a mouth.
You have claws for feet.
Your magical nature lets you fly swiftly and evasively.


   Skills:
 - Level 2.0 Fighting
 - Level 6.0 Axes
 - Level 1.0 Throwing
 + Level 2.7 Armour
 - Level 2.1 Dodging
 - Level 1.3 Shields
 - Level 2.0 Spellcasting
 - Level 2.4 Translocations


You had 9 spell levels left.
You didn't know any spells.
Your spell library contained the following spells:

 Spells                   Type           Power      Damage    Failure   Level
 Blink                    Tloc           16%        N/A       100%        2
 Gell's Gravitas          Tloc           8%         N/A       100%        3
 Lesser Beckoning         Tloc           8%         N/A       100%        3
 Teleport Other           Tloc           8%         N/A       100%        3
 Manifold Assault         Tloc           8%         N/A       100%        5

Inventory:

Hand Weapons
 i - a +0 mace
 Y - a +1 hand axe (weapon)
Armour
 b - a +0 plate armour (worn)
 c - a +0 cloak (worn)
 g - a +2 hat (worn)
 h - a +0 buckler (worn)
Jewellery
 k - a ring of positive energy
Scrolls
 a - 3 scrolls of identify
 e - a scroll of butterflies {unknown}
Potions
 d - a potion of mutation
 f - 5 potions of curing
 j - a potion of heal wounds {unknown}
 l - a potion of might {unknown}

Dungeon Overview and Level Annotations

Branches:
Dungeon (4/15)
 Temple: D:4-7

Altars:
Ashenzari
Ru

Shops:
D:3 (=!


Message History

You closely miss the gnoll bouda. You hit the gnoll.
The gnoll bouda hits you but does no damage.
The gnoll barely misses you. The gnoll hits you but does no damage.
The gnoll hits you with a +0 flail.
The gnoll hits you from afar with a +0 spear.
You hit the gnoll but do no damage. Your kick misses the gnoll.
The gnoll is almost dead.
You hit the gnoll bouda but do no damage.
You hit the gnoll.
The gnoll bouda calls upon its god to heal the gnoll.
The gnoll is healed somewhat.
The gnoll hits you from afar with a +0 halberd.
You block the gnoll's attack. The gnoll barely misses you.
The gnoll hits you but does no damage.
You hit the gnoll. You claw the gnoll.
You kill the gnoll!
You hit the gnoll bouda. You hit the gnoll.
The gnoll bouda hits you with a +0 club.
The gnoll hits you but does no damage. The gnoll hits you with a +0 club.
The ball python bites you but does no damage.
You block the ball python's attack. The gnoll hits you but does no damage.
You hit the gnoll. You claw the gnoll.
You kill the gnoll!
You hit the gnoll bouda but do no damage.
You closely miss the ball python. The gnoll bouda barely misses you.
The ball python bites you but does no damage.
The ball python grabs you. The ball python constricts you.
The gnoll hits you from afar with a +0 halberd.
The gnoll hits you but does no damage.
You hit the ball python.
You kill the ball python!
You barely miss the gnoll bouda. You block the gnoll bouda's attack.
The gnoll hits you but does no damage. x2
You hit the gnoll bouda. Your kick misses the gnoll bouda.
Your peck misses the gnoll bouda.
The gnoll bouda is moderately wounded.
The gnoll bouda hits you but does no damage.
The gnoll hits you from afar with a +0 halberd.
You die...

###.####..# ###..##
#<... #...## #.... #..##
##...( #### #### #.....
##...## #..... ###.....#
##.....
.....g).##########......
......)@.(...)..........
......g..#######........
......g..# ###......
........## ####...
........# ##.. #.......#
#.. #.......# #######.
##.....## #..).##.
#.......


You could see a gnoll bouda and 2 gnolls.

Vanquished Creatures
  A necrophage (D:3)
  A hound (D:4)
  3 gnolls (D:4)
  4 adders
  3 worms
  2 dart slugs
  8 ball pythons
  2 bats (D:1)
  3 endoplasms (D:3)
  4 giant cockroaches
  2 goblins
  7 hobgoblins
  13 jackals
  2 quokkas
  5 frilled lizards
  7 kobolds
  7 rats
74 creatures vanquished.

Notes
Turn   | Place    | Note
-------+----------+-------------------------------------------
     0 | D:1      | qw the Tengu Warper began the quest for the Orb.
     0 | D:1      | Reached XP level 1. HP: 12/12 MP: 4/4
     0 | D:1      | 0 ||| qw: Version: 0.1-a-89-g26bdef1
     0 | D:1      | 0 ||| qw: Game counter: 1167
     0 | D:1      | 0 ||| qw: Always use a shield: true
     0 | D:1      | 0 ||| qw: God list: Okawaru
     0 | D:1      | 0 ||| qw: Allow faded altars: false
     0 | D:1      | 0 ||| qw: Do Orc after D:15 true
     0 | D:1      | 0 ||| qw: Do second Lair branch before Depths: true
     0 | D:1      | 0 ||| qw: Lair rune preference: random
     0 | D:1      | 0 ||| qw: Plans: Normal
     0 | D:1      | 0 ||| PLANNING D:1-11
   225 | D:1      | Reached XP level 2. HP: 17/17 MP: 6/6
   228 | D:1      | 228 ||| Stepping ~*~*~tactically~*~*~ (stealth).
   233 | D:1      | Reached skill level 3 in Axes
   799 | D:1      | You fall into a shaft and drop 1 floor!
   813 | D:2      | 813 ||| UPGRADING to +0 ring mail.
   823 | D:2      | 823 ||| DROPPING +0 leather armour.
   824 | D:2      | 824 ||| UPGRADING to +1 hat.
   829 | D:2      | 829 ||| UPGRADING to +0 buckler.
   834 | D:2      | 834 ||| READING 2 scrolls labelled REESED KIMIOR.
   835 | D:2      | 835 ||| DROPPING scroll of blinking.
   900 | D:1      | Reached XP level 3. HP: 19/21 MP: 7/7
  1162 | D:1      | 1162 ||| UPGRADING to +0 plate armour.
  1172 | D:1      | 1172 ||| DROPPING +0 ring mail.
  1219 | D:2      | 1219 ||| Stepping ~*~*~tactically~*~*~ (stealth).
  1224 | D:2      | 1224 ||| Stepping ~*~*~tactically~*~*~ (stealth).
  1231 | D:2      | Reached skill level 1 in Shields
  1320 | D:2      | Identified the +4 quarterstaff of the Gazing Sybil {freeze,
                  | Contam Dex+6}
  1431 | D:2      | 1431 ||| Stepping ~*~*~tactically~*~*~ (stealth).
  1438 | D:2      | Reached skill level 4 in Axes
  1460 | D:2      | 1460 ||| Stepping ~*~*~tactically~*~*~ (stealth).
  1465 | D:2      | 1465 ||| Stepping ~*~*~tactically~*~*~ (hiding).
  1591 | D:2      | Reached XP level 4. HP: 16/26 MP: 8/8
  1917 | D:2      | 1917 ||| READING scroll labelled TADADIJ QOZUZ.
  1918 | D:2      | 1918 ||| READING scroll labelled QINUF KEOPREQE.
  1919 | D:2      | 1919 ||| READING scroll labelled ERPHIP NAIGEERASAXT.
  1920 | D:2      | 1920 ||| READING 4 scrolls of identify.
  1920 | D:2      | 1920 ||| IDENTIFYING green potion
  1921 | D:2      | 1921 ||| READING 3 scrolls of identify.
  1921 | D:2      | 1921 ||| IDENTIFYING clear potion
  1922 | D:2      | 1922 ||| DROPPING potion of berserk rage.
  1923 | D:2      | 1923 ||| Stepping randomly (stuck).
  1924 | D:2      | 1924 ||| Stepping ~*~*~tactically~*~*~ (cloud).
  1925 | D:2      | 1925 ||| DRINKING potion of curing.
  1925 | D:2      | 1925 ||| (to cure poison)
  1982 | D:3      | Found Onyl's Antique Weapon Boutique.
  1986 | D:3      | 1986 ||| SHOPLISTING flail (101 gold, have 62).
  2028 | D:3      | Found Ekkafey's Jewellery Boutique.
  2042 | D:3      | 2042 ||| SHOPLISTING amulet of reflection (390 gold, have
                  | 88).
  2042 | D:3      | 2042 ||| SHOPLISTING brooch of Shielding {Spirit SH+8} (845
                  | gold, have 88).
  2042 | D:3      | 2042 ||| SHOPLISTING ring of poison resistance (260 gold,
                  | have 88).
  2042 | D:3      | 2042 ||| SHOPLISTING ring of willpower (325 gold, have 88).
  2091 | D:3      | Noticed a necrophage
  2108 | D:3      | Killed a necrophage
  2109 | D:3      | Reached skill level 5 in Axes
  2109 | D:3      | Gained mutation: Your magical nature lets you fly swiftly
                  | and evasively. [Tengu growth]
  2109 | D:3      | Reached XP level 5. HP: 15/30 MP: 9/9
  2120 | D:3      | 2120 ||| FLEEEEING.
  2121 | D:3      | 2121 ||| FLEEEEING.
  2131 | D:3      | 2131 ||| FLEEEEING.
  2132 | D:3      | 2132 ||| FLEEEEING.
  2133 | D:3      | 2133 ||| FLEEEEING.
  2137 | D:3      | 2137 ||| FLEEEEING.
  2139 | D:3      | 2139 ||| FLEEEEING.
  2144 | D:3      | 2144 ||| FLEEEEING.
  2145 | D:3      | 2145 ||| FLEEEEING.
  2146 | D:3      | 2146 ||| FLEEEEING.
  2147 | D:3      | 2147 ||| STAIRDANCE
  2199 | D:2      | 2199 ||| FLEEEEING.
  2200 | D:2      | 2200 ||| FLEEEEING.
  2201 | D:2      | 2201 ||| FLEEEEING.
  2202 | D:2      | 2202 ||| FLEEEEING.
  2204 | D:2      | 2204 ||| FLEEEEING.
  2205 | D:2      | 2205 ||| FLEEEEING.
  2206 | D:2      | 2206 ||| FLEEEEING.
  2207 | D:2      | 2207 ||| FLEEEEING.
  2208 | D:2      | 2208 ||| FLEEEEING.
  2209 | D:2      | 2209 ||| FLEEEEING.
  2210 | D:2      | 2210 ||| STAIRDANCE
  2254 | D:1      | 2254 ||| UPGRADING to +0 cloak.
  2259 | D:1      | 2259 ||| READING 2 scrolls of identify.
  2259 | D:1      | 2259 ||| IDENTIFYING blue potion
  2260 | D:1      | 2260 ||| DROPPING potion of attraction.
  2282 | D:3      | 2282 ||| STAIRDANCE
  2437 | D:3      | 2437 ||| Stepping ~*~*~tactically~*~*~ (stealth).
  2439 | D:3      | 2439 ||| Stepping ~*~*~tactically~*~*~ (hiding).
  2440 | D:3      | 2440 ||| Stepping ~*~*~tactically~*~*~ (hiding).
  2564 | D:3      | Found Tapt's Distillery.
  2695 | D:3      | 2695 ||| BUYING 2 potions of curing (78 gold).
  2695 | D:3      | Bought 2 potions of curing for 78 gold pieces
  2695 | D:3      | 2695 ||| BUYING potion of curing (39 gold).
  2695 | D:3      | Bought a potion of curing for 39 gold pieces
  2695 | D:3      | 2695 ||| SHOPLISTING potion of might (52 gold, have 15).
  2729 | D:3      | Found a broken altar of Ashenzari.
  2972 | D:3      | 2972 ||| READING scroll labelled CIYMNU CODUTE.
  2976 | D:3      | 2976 ||| READING 2 scrolls of identify.
  2976 | D:3      | 2976 ||| IDENTIFYING metallic black potion
  3049 | D:4      | 3049 ||| Stepping ~*~*~tactically~*~*~ (stealth).
  3129 | D:4      | Found a sacrificial altar of Ru.
  3207 | D:4      | 3207 ||| Stepping ~*~*~tactically~*~*~ (stealth).
  3617 | D:4      | Reached skill level 6 in Axes
  3642 | D:4      | 3642 ||| READING scroll of enchant armour.
  3642 | D:4      | 3642 ||| ENCHANTING +1 hat.
  3703 | D:4      | Reached XP level 6. HP: 35/35 MP: 10/10
  3708 | D:4      | Identified the +2 leather armour of Free Expression {+Inv
                  | Str+4}
  3717 | D:4      | HP: 7/35 [gnoll/+0 halberd[a gnoll bouda] (6)]
  3719 | D:4      | HP: 1/35 [gnoll/+0 halberd[a gnoll bouda] (3)]
  3721 | D:4      | Slain by a gnoll

Levels and vault maps discovered:
D:1:      heliophobic_arrival_glass_houses, layout_loops_ring, nicolae_wormholes
D:2:      layout_basic, minmay_misc_feat_encased, minmay_circle_x
D:3:      layout_rooms, cheibrodos_ashenzari_chains, serial_shops, shop,
          nicolae_shop_hallway_stairs, shop,
          nicolae_concentric_dashed_squares_mild
D:4:      layout_cave_pods, mainiacjoe_overflow_alcove_4,
          mainiacjoe_overflow_24_doors, serial_glass, glass_columns_a,
          glass_columns_c

Skill      XL: |  1  2  3  4  5 |
---------------+----------------+-----
Axes           | 3 4 5 6 |  6.0
Shields        | 1 |  1.3
Armour         | 2 |  2.7
Fighting       | |  2.0
Throwing       | |  1.0
Dodging        | |  2.1
Spellcasting   | |  2.0
Translocations | |  2.4

Action                   |  1- 3 |  4- 6 || total
-------------------------+-------+-------++-------
Melee: Hand axe          |    87 |   100 ||   187
       Kick              |    27 |    22 ||    49
       Peck              |    12 |    17 ||    29
Throw: Boomerang         |     7 |       ||     7
  Use: Scroll            |     1 |     9 ||    10
       Potion            |       |     1 ||     1
Armor: Leather armour    |     6 |       ||     6
       Plate armour      |    25 |    76 ||   101
       Ring mail         |     1 |       ||     1
Dodge: Dodged            |    26 |    18 ||    44
Block: Buckler           |     8 |    19 ||    27

Table legend:
 A = Non-vault XP
 B = Vault XP
 C = Vault XP percentage of total XP
 D = Non-vault monster count
 E = Vault monster count
 F = Vault count percentage of total count
                 A         B        C        D         E       F
            +---------+---------+-------+---------+---------+-------
      Total |     349 |       8 |   2.2 |      71 |       3 |   4.1
            +---------+---------+-------+---------+---------+-------
        D:1 |      30 |       5 |  14.3 |      18 |       1 |   5.3
        D:2 |      54 |       3 |   5.3 |      21 |       2 |   8.7
        D:3 |     137 |       0 |   0.0 |      18 |       0 |   0.0
        D:4 |     128 |       0 |   0.0 |      14 |       0 |   0.0
            +---------+---------+-------+---------+---------+-------
